 Dungeon Crawl Stone Soup version 0.17.1-1-g73c8601 (console) character file.

12166 Kloppie the Fighter (level 11, -5/102 HPs)
             Began as a Ghoul Gladiator on Dec 27, 2015.
             Was an Elder of Makhleb.
             Slain by an eight-headed hydra (6 damage)
             ... on level 3 of the Lair of Beasts.
             The game lasted 00:29:28 (11676 turns).

Kloppie the Fighter (Ghoul Gladiator)              Turns: 11676, Time: 00:29:28

Health: -5/102     AC: 26    Str: 20    XL:     11   Next: 89%
Magic:  10/10      EV:  9    Int:  8    God:    Makhleb [****..]
Gold:   589        SH:  0    Dex: 10    Spells: 0 memorised, 10 levels left

rFire  . . .     SeeInvis .     a - +0 great sword (protect)
rCold  + . .     Clarity  .     O - +4 chain mail
rNeg   + + +     SustAt   .     (shield currently unavailable)
rPois  ∞         Gourm    .     o - +1 helmet
rElec  .         Spirit   .     A - +2 cloak {rPois}
rCorr  .         Warding  .     (no gloves)
rMut   .         Stasis   .     (no boots)
MR     +....                    (no amulet)
Stlth  ..........               w - ring of protection from magic
                                y - +3 ring of intelligence

@: rotting, somewhat resistant to hostile enchantments, extremely unstealthy
A: rotting body, claws 1, carnivore 3, cold resistance 1, negative energy
resistance 3, slow regeneration 1, torment resistance, unbreathing
a: Minor Destruction, Lesser Servant of Makhleb, Major Destruction, Renounce
Religion


You were on level 3 of the Lair of Beasts.
You worshipped Makhleb.
Makhleb was greatly pleased with you.
You were not hungry.

You visited 3 branches of the dungeon, and saw 14 of its levels.
You also visited: Sewer.

You collected 763 gold pieces.
You spent 174 gold pieces at shops.

Inventory:

Hand Weapons
 a - a +0 great sword of protection (weapon)
 b - a +0 dire flail
 c - a +0 great sword
Armour
 o - a +1 helmet (worn)
 A - a +2 cloak of poison resistance (worn)
 O - a +4 chain mail (worn)
Jewellery
 h - a +3 ring of intelligence
 i - an uncursed ring of flight
 r - an uncursed ring of magical power
 w - a ring of protection from magic (right claw)
 x - an uncursed amulet of stasis
 y - a +3 ring of intelligence (left claw)
Wands
 k - a wand of digging (18)
 K - a wand of slowing (17)
Scrolls
 g - 4 scrolls of identify
 j - a scroll of magic mapping
 u - a scroll of enchant weapon
 C - 3 scrolls of fog
 D - a scroll of fear
 E - a scroll of teleportation
 N - a scroll of remove curse
Potions
 d - 2 potions of brilliance
 l - 3 potions of cancellation
 m - 2 potions of might
 p - a potion of haste
 q - 3 potions of curing
 z - a potion of flight
 B - a potion of ambrosia
 F - a potion of resistance {unknown}
 J - 3 potions of agility
 L - a potion of heal wounds
 M - a potion of degeneration {unknown}
Books
 t - a book of Conjurations

   Spells                             Type                      Level
   a - Magic Dart                     Conjuration                  1
   b - Searing Ray                    Conjuration                  2
   c - Dazzling Spray                 Conjuration/Hexes            3
   d - Fulminant Prism                Conjuration/Hexes            4
   e - Iskenderun's Mystic Blast      Conjuration                  4
   f - Iskenderun's Battlesphere      Conjuration/Charms           5
Miscellaneous
 v - a lamp of fire
Comestibles
 e - 7 meat rations
 f - a beef jerky
 n - 12 royal jellies
 s - 15 chunks of flesh


   Skills:
 - Level 11.5 Fighting
 + Level 10.2 Long Blades
 + Level 2.2 Maces & Flails
 - Level 1.7 Throwing
 + Level 9.9 Armour
 - Level 2.6 Dodging


You had 10 spell levels left.
You didn't know any spells.

Dungeon Overview and Level Annotations

Branches:
Dungeon (10/15)            Temple (1/1) D:7            Lair (3/8) D:10
  Swamp: Lair:3-6    Shoals: Lair:3-6     Snake: Lair:3-6    Spider: Lair:3-6
    Orc: D:9-12

Altars:
Ashenzari
Cheibriados
Dithmenos
Elyvilon
Fedhas
Gozag
Kikubaaqudgha
Makhleb
Nemelex Xobeh
Okawaru
Qazlal
Ru
Sif Muna
Trog
Vehumet
Xom
Yredelemnul
Zin
The Shining One

Shops:
D:5 *

Annotations:
Lair:1 Urug


Innate Abilities, Weirdness & Mutations

Your body is rotting away.
You thrive on raw meat.
You are immune to poison.
You have sharp fingernails.
You are carnivorous and can eat meat at any time.
Your flesh is cold resistant.
You are immune to negative energy.
You regenerate slowly when monsters are visible.
You are immune to unholy pain and torment.
You can survive without breathing.


Message History

The river rat barely misses you.
The eight-headed hydra bites you but does no damage. x3
The eight-headed hydra barely misses you.
The eight-headed hydra completely misses you.
The eight-headed hydra bites you but does no damage.
The eight-headed hydra bites you!
* * * LOW HITPOINT WARNING * * *
The eight-headed hydra bites you but does no damage.
The crocodile barely misses you.
The iguana bites you but does no damage.
The river rat bites you but does no damage.
Your chain mail prevents you from hitting the river rat.
The river rat bites you but does no damage. x2
The eight-headed hydra bites you but does no damage.
The eight-headed hydra closely misses you.
The eight-headed hydra bites you but does no damage. x3
The eight-headed hydra bites you!
* * * LOW HITPOINT WARNING * * *
The eight-headed hydra bites you.
You die...

#.....# .....## # #
....#.#.# #........
#.#(8... #.#rr.#
#.tlD.#.# #.@rr.#
##rr### .#
##.....######.#
#.#.###..#.8..#
#.............#
+...8...+..>.8# ♣♣♣
#.......#.....# ♣P.
......#.##.8.####♣♣.
###.....#.#######.♣♣♣


You could see an eight-headed hydra, a crocodile, an iguana and 6 river rats.

Vanquished Creatures
  A hydra (Lair:2)
  A hill giant (D:10)
  A gargoyle (D:10)
  3 komodo dragons
  A spiny frog (Lair:3)
  A fire drake (Lair:3)
  3 blink frogs (Lair:2)
  A two-headed ogre (D:10)
  12 yaks
  A wraith (D:10)
  A deep elf mage (D:9)
  Eustachio (D:6)
  3 hippogriffs
  A hungry ghost (D:8)
  3 steam dragons
  3 porcupines
  Duvessa (D:6)
  5 orc warriors
  3 phantoms
  2 ice beasts
  6 ogres
  3 sky beasts
  2 water moccasins
  3 black bears
  4 centaurs
  A necrophage (D:10)
  Blork the orc (D:6)
  The ghost of Andry07 the Shield-Bearer, an amateur VSFi (D:3)
  A wyvern zombie (D:8)
  Dowan (D:6)
  6 giant frogs
  3 scorpions
  3 wights (D:8)
  5 orc priests
  7 crimson imps
  8 hounds
  5 jellies
  Crazy Yiuf (D:6)
  A centaur skeleton (D:4)
  Ijyb (D:3)
  2 giant frog skeletons
  3 orc wizards
  5 worker ants
  Terence (D:3)
  5 iguanas
  A killer bee zombie (D:9)
  2 hound zombies
  A hound skeleton (D:4)
  16 adders
  5 gnolls
  24 river rats
  2 shadow imps
  An adder zombie (D:10)
  7 oozes
  An adder skeleton (D:9)
  3 worms
  12 giant geckos
  41 orcs
  3 ball pythons
  7 bats
  9 giant cockroaches
  6 goblins
  5 hobgoblins
  6 jackals
  13 kobolds
  3 quokkas
  6 giant newts
  A quokka skeleton (D:4)
  12 rats
314 creatures vanquished.

Vanquished Creatures (others)
  4 fungi
4 creatures vanquished.

Grand Total: 318 creatures vanquished

Notes
Turn   | Place    | Note
--------------------------------------------------------------
     0 | D:1      | Kloppie the Ghoul Gladiator began the quest for the Orb.
     0 | D:1      | Reached XP level 1. HP: 17/17 MP: 0/0
   149 | D:1      | Reached XP level 2. HP: 23/25 MP: 1/1
   543 | D:2      | Reached skill level 3 in Fighting
   543 | D:2      | Reached XP level 3. HP: 24/29 MP: 2/2
   569 | D:2      | Reached skill level 1 in Armour
   720 | D:2      | Found a basalt altar of Yredelemnul.
   861 | D:2      | Reached XP level 4. HP: 38/38 MP: 3/3
  1248 | D:2      | Found an iron altar of Okawaru.
  1249 | D:2      | Found a radiant altar of Vehumet.
  1330 | D:3      | Noticed Ijyb
  1380 | D:3      | Killed Ijyb
  1380 | D:3      | Reached XP level 5. HP: 34/46 MP: 4/4
  1554 | D:3      | Found a glowing silver altar of Zin.
  1554 | D:3      | Found a glowing golden altar of the Shining One.
  1555 | D:3      | Found a white marble altar of Elyvilon.
  1698 | D:3      | Noticed Andry07's ghost (amateur VSFi)
  1779 | D:3      | Killed Andry07's ghost
  1779 | D:3      | Reached skill level 4 in Fighting
  2096 | D:3      | Noticed Terence
  2375 | D:3      | Reached XP level 6. HP: 42/52 MP: 5/5
  2486 | D:3      | HP: 2/53 [Terence/hand axe of electrocution (19)]
  2487 | D:3      | Killed Terence
  2754 | D:4      | Found an opulent altar of Gozag.
  2947 | D:4      | Found a stormy altar of Qazlal.
  2964 | D:4      | Reached skill level 5 in Fighting
  2964 | D:4      | Reached XP level 7. HP: 47/61 MP: 6/6
  3368 | D:5      | Entered Level 5 of the Dungeon
  3666 | D:5      | Found Bievos's Assorted Antiques.
  3669 | D:5      | Bought a scroll labeled OLALUPALARY for 29 gold pieces
  3669 | D:5      | Bought a tubular garnet ring for 145 gold pieces
  3728 | D:5      | Reached skill level 5 in Long Blades
  4125 | D:6      | Reached skill level 6 in Fighting
  4125 | D:6      | Reached XP level 8. HP: 56/70 MP: 7/7
  4214 | D:6      | Found a glowing drain.
  4248 | Sewer    | Entered a sewer
  4744 | D:6      | Reached skill level 5 in Armour
  4837 | D:6      | Noticed Duvessa
  4913 | D:6      | Killed Duvessa
  4963 | D:6      | Noticed Dowan
  4978 | D:6      | Killed Dowan
  4978 | D:6      | Reached skill level 7 in Fighting
  5091 | D:6      | Noticed Eustachio
  5170 | D:6      | Killed Eustachio
  5170 | D:6      | Reached XP level 9. HP: 43/78 MP: 8/8
  5286 | D:6      | Noticed Blork the orc
  5299 | D:6      | Killed Blork the orc
  5471 | D:6      | Noticed Crazy Yiuf
  5479 | D:6      | Killed Crazy Yiuf
  5738 | D:7      | Reached skill level 8 in Fighting
  5772 | D:7      | Found a staircase to the Ecumenical Temple.
  5777 | Temple   | Entered the Ecumenical Temple
  6750 | D:8      | Found a blossoming altar of Fedhas.
  7353 | D:8      | Found a burning altar of Makhleb.
  7358 | D:8      | Became a worshipper of Makhleb the Destroyer
  7536 | D:8      | Found a bloodstained altar of Trog.
  7564 | D:8      | Reached skill level 9 in Fighting
  7564 | D:8      | Reached XP level 10. HP: 57/90 MP: 9/9
  8498 | D:9      | Reached * piety under Makhleb
  9176 | D:10     | Entered Level 10 of the Dungeon
  9235 | D:10     | Noticed a hill giant
  9296 | D:9      | Reached skill level 10 in Fighting
  9373 | D:10     | Reached ** piety under Makhleb
  9538 | D:10     | Killed a hill giant
  9711 | D:10     | Reached XP level 11. HP: 21/101 MP: 10/10
  9755 | D:10     | Found a staircase to the Lair.
 10144 | D:10     | Reached *** piety under Makhleb
 10552 | Lair:1   | Entered Level 1 of the Lair of Beasts
 10554 | Lair:1   | Identified a scroll of acquirement
 10612 | Lair:1   | Reached skill level 11 in Fighting
 10708 | Lair:1   | Noticed Urug
 11197 | Lair:2   | Noticed a lindwurm
 11237 | Lair:2   | Noticed a lindwurm
 11299 | Lair:2   | Noticed a five-headed hydra
 11314 | Lair:2   | Killed a five-headed hydra
 11328 | Lair:2   | Reached **** piety under Makhleb
 11478 | Lair:3   | Reached skill level 10 in Long Blades
 11478 | Lair:3   | Reached skill level 1 in Maces & Flails
 11664 | Lair:3   | Noticed an eight-headed hydra
 11676 | Lair:3   | HP: 1/102 [eight-headed hydra (7)]
 11676 | Lair:3   | Slain by an eight-headed hydra

Action                   |  1- 3 |  4- 6 |  7- 9 | 10-12 || total
-------------------------+-------+-------+-------+-------++-------
Melee: Long sword        |   117 |   272 |   763 |   182 ||  1334
       Great sword       |       |       |       |   506 ||   506
       Dire flail        |       |       |       |    10 ||    10
Throw: Throwing net      |       |       |     3 |       ||     3
Evoke: Wand              |       |       |       |     4 ||     4
       Lamp of fire      |       |       |       |     1 ||     1
  Use: Scroll            |       |       |    18 |     6 ||    24
       Potion            |       |       |     1 |     4 ||     5
  Eat: Chunk             |     8 |    21 |    59 |    57 ||   145
       Beef jerky        |       |       |       |     1 ||     1
